3R
CROWLEY CAJUNS @ CANONNIERS DE QUEBEC
08/11/2032
 
TOP OF THE 1ST
Crowley Cajuns batting - Pitching for Canonniers de Quebec : RHP Dimitre Zhvachkin
Pitching: RHP Dimitre Zhvachkin
Batting: RHB Albert Seals 0-0: Foul Ball, location: 2F
0-1: Foul Ball, location: 2F
0-2: Ball
1-2: Ball
2-2: Ball
3-2: Strikes out swinging
Batting: SHB Eric Thomas 0-0: Called Strike
0-1: DOUBLE (Line Drive, 9D)
Batting: RHB Lawrence Stokes 0-0: Called Strike
0-1: Fly out, F9 (Flyball, 89D)
Runner from 2nd tags up, SAFE at 3rd, no throw
Batting: RHB Timo Zwiefelhofer 0-0: Foul Ball, location: 2F
0-1: Foul Ball, location: 2F
0-2: Reached on error, E6 (Groundball, 6S)
Eric Thomas scores
Batting: RHB Dane Bernstine 0-0: Swinging Strike
0-1: Foul Ball, location: 2F
0-2: Strikes out swinging
Top of the 1st over - 1 run, 1 hit, 1 error, 1 left on base; Crowley 1 - Canonniers de Quebec 0
BOTTOM OF THE 1ST
Canonniers de Quebec batting - Pitching for Crowley Cajuns : RHP Ted Chong
Pitching: RHP Ted Chong
Batting: RHB Glenn Curtis 0-0: Ball
1-0: Called Strike
1-1: Called Strike
1-2: SINGLE (Groundball, 6MD)
Batting: RHB Aron Cruickshank 0-0: Ball
1-0: Grounds into double play, 6-4-3 (Groundball, 6)
Batting: RHB Kazunari Mizuno 0-0: Ball
1-0: Foul Ball, location: 2F
1-1: Foul Ball, location: 2F
1-2: Fly out, F8 (Flyball, 8RD)
Bottom of the 1st over - 0 runs, 1 hit, 0 errors, 0 left on base; Crowley 1 - Canonniers de Quebec 0
TOP OF THE 2ND
Crowley Cajuns batting - Pitching for Canonniers de Quebec : RHP Dimitre Zhvachkin
Batting: RHB Luis Medina 0-0: Ball
1-0: Foul Ball, location: 2F
1-1: Swinging Strike
1-2: Ball
2-2: Strikes out looking
Batting: RHB Juan Mateo 0-0: SINGLE (Groundball, 34D)
Batting: RHB Taqi Marwat 0-0: SINGLE (Flyball, 78S)
Juan Mateo to second
Batting: RHB Porter Ware 0-0: Ball
1-0: Ground out 2-3 (Groundball, 15S)
Juan Mateo to third
Taqi Marwat to second
Batting: RHB Albert Seals 0-0: Foul Ball, location: 2F
0-1: Foul Ball, location: 2F
0-2: Ground out 4-3 (Groundball, 4)
Top of the 2nd over - 0 runs, 2 hits, 0 errors, 2 left on base; Crowley 1 - Canonniers de Quebec 0
BOTTOM OF THE 2ND
Canonniers de Quebec batting - Pitching for Crowley Cajuns : RHP Ted Chong
Batting: RHB Roberto Ortíz 0-0: Foul Ball, location: 2F
0-1: Swinging Strike
0-2: Ball
1-2: SINGLE (Line Drive, 4D)
Batting: RHB Gary Goodwin 0-0: Called Strike
0-1: Called Strike
0-2: Strikes out swinging
Batting: RHB Richard Clemmet 0-0: Foul Ball, location: 2F
0-1: Foul Ball, location: 2F
0-2: Ball
1-2: Strikes out swinging
Batting: RHB Josh Iriarte 0-0: Called Strike
0-1: Ball
1-1: Foul Ball, location: 2F
1-2: Strikes out swinging
Bottom of the 2nd over - 0 runs, 1 hit, 0 errors, 1 left on base; Crowley 1 - Canonniers de Quebec 0
TOP OF THE 3RD
Crowley Cajuns batting - Pitching for Canonniers de Quebec : RHP Dimitre Zhvachkin
Batting: SHB Eric Thomas 0-0: Called Strike
0-1: Fly out, F3 (Line Drive, 3)
Batting: RHB Lawrence Stokes 0-0: Called Strike
0-1: Ball
1-1: Foul Ball, location: 2F
1-2: Ball
2-2: Ball
3-2: Fly out, F8 (Flyball, 8LS)
Batting: RHB Timo Zwiefelhofer 0-0: Ball
1-0: Foul Ball, location: 2F
1-1: Fly out, F1 (Line Drive, 13)
Top of the 3rd over - 0 runs, 0 hits, 0 errors, 0 left on base; Crowley 1 - Canonniers de Quebec 0
BOTTOM OF THE 3RD
Canonniers de Quebec batting - Pitching for Crowley Cajuns : RHP Ted Chong
Batting: RHB Jesús Castillo 0-0: Foul Ball, location: 2F
0-1: Ground out 5-3 (Groundball, 5S)
Batting: LHB Maik Zoepfel 0-0: DOUBLE (Line Drive, 89D)
Batting: RHB Glenn Curtis 0-0: Fly out, F9 (Flyball, 9LS)
Lined into DP, 9-6 (Flyball, 9LS)
Bottom of the 3rd over - 0 runs, 1 hit, 0 errors, 0 left on base; Crowley 1 - Canonniers de Quebec 0
TOP OF THE 4TH
Crowley Cajuns batting - Pitching for Canonniers de Quebec : RHP Dimitre Zhvachkin
Batting: RHB Dane Bernstine 0-0: Ball
1-0: Foul Ball, location: 2F
1-1: SINGLE (Line Drive, 9S)
Batting: RHB Luis Medina 0-0: Called Strike
0-1: Swinging Strike
0-2: Fly out, F4 (Popup, 4)
Batting: RHB Juan Mateo 0-0: Foul Ball, location: 2F
0-1: Ball
1-1: Ball
2-1: Ball
3-1: Foul Ball, location: 2F
3-2: SINGLE (Groundball, 56D)
Dane Bernstine to second
Pitching: RHP Jay Holt
Batting: RHB Taqi Marwat 0-0: SINGLE (Flyball, 89M)
Dane Bernstine to third
Juan Mateo to second
Batting: RHB Porter Ware 0-0: Ball
1-0: Called Strike
1-1: Swinging Strike
1-2: Ground out 6-3 (Groundball, 6M)
Dane Bernstine scores
Juan Mateo to third
Taqi Marwat to second
Batting: RHB Albert Seals 0-0: Called Strike
0-1: Called Strike
0-2: Strikes out swinging
Top of the 4th over - 1 run, 3 hits, 0 errors, 2 left on base; Crowley 2 - Canonniers de Quebec 0
BOTTOM OF THE 4TH
Canonniers de Quebec batting - Pitching for Crowley Cajuns : RHP Ted Chong
Batting: RHB Aron Cruickshank 0-0: Ball
1-0: Called Strike
1-1: Called Strike
1-2: Strikes out swinging
Batting: RHB Kazunari Mizuno 0-0: Ball
1-0: Called Strike
1-1: Ball
2-1: Ball
3-1: Swinging Strike
3-2: Strikes out looking
Batting: RHB Roberto Ortíz 0-0: Ball
1-0: Foul Ball, location: 2F
1-1: Foul Ball, location: 2F
1-2: Ball
2-2: Foul Ball, location: 2F
2-2: Ball
3-2: Foul Ball, location: 2F
3-2: Base on Balls
Batting: RHB Gary Goodwin 0-0: Called Strike
0-1: Swinging Strike
0-2: Foul Ball, location: 2F
0-2: Ball
Roberto Ortíz is caught stealing 2nd base
Bottom of the 4th over - 0 runs, 0 hits, 0 errors, 0 left on base; Crowley 2 - Canonniers de Quebec 0
TOP OF THE 5TH
Crowley Cajuns batting - Pitching for Canonniers de Quebec : RHP Jay Holt
Batting: SHB Eric Thomas 0-0: Ball
1-0: Foul Ball, location: 2F
1-1: Called Strike
1-2: Ball
2-2: Ground out 4-3 (Groundball, 4)
Batting: RHB Lawrence Stokes 0-0: Ball
1-0: Called Strike
1-1: Foul Ball, location: 2F
1-2: Ball
2-2: SINGLE (Groundball, 56D)
Batting: RHB Timo Zwiefelhofer 0-0: Called Strike
0-1: Ball
1-1: Ball
2-1: Called Strike
2-2: Foul Ball, location: 2F
2-2: Ball
3-2: Strikes out swinging
Batting: RHB Dane Bernstine 0-0: Ball
1-0: Foul Ball, location: 2F
1-1: Called Strike
1-2: Strikes out swinging
Top of the 5th over - 0 runs, 1 hit, 0 errors, 1 left on base; Crowley 2 - Canonniers de Quebec 0
BOTTOM OF THE 5TH
Canonniers de Quebec batting - Pitching for Crowley Cajuns : RHP Ted Chong
Batting: RHB Gary Goodwin 0-0: Ground out 3-1 (Groundball, 34S)
Batting: RHB Richard Clemmet 0-0: Ball
1-0: Called Strike
1-1: Fly out, F7 (Flyball, 7D)
Batting: RHB Josh Iriarte 0-0: Ball
1-0: Ball
2-0: SINGLE (Groundball, 6MD)
Batting: RHB Jesús Castillo 0-0: Ball
1-0: Called Strike
1-1: Ball
2-1: Fielders Choice at 2nd, 5-4 (Groundball, 56)
Bottom of the 5th over - 0 runs, 1 hit, 0 errors, 1 left on base; Crowley 2 - Canonniers de Quebec 0
TOP OF THE 6TH
Crowley Cajuns batting - Pitching for Canonniers de Quebec : RHP Jay Holt
Batting: RHB Luis Medina 0-0: Called Strike
0-1: Ball
1-1: Foul Ball, location: 2F
1-2: Strikes out swinging
Batting: RHB Juan Mateo 0-0: Ball
1-0: Ball
2-0: Ball
3-0: Called Strike
3-1: Called Strike
3-2: Strikes out swinging
Batting: RHB Taqi Marwat 0-0: Ball
1-0: Foul Ball, location: 2F
1-1: Swinging Strike
1-2: Ground out 5-3 (Groundball, 56S)
Top of the 6th over - 0 runs, 0 hits, 0 errors, 0 left on base; Crowley 2 - Canonniers de Quebec 0
BOTTOM OF THE 6TH
Canonniers de Quebec batting - Pitching for Crowley Cajuns : RHP Ted Chong
Batting: LHB Maik Zoepfel 0-0: Called Strike
0-1: Foul Ball, location: 2F
0-2: Strikes out swinging, 2-3 out at first.
Batting: RHB Glenn Curtis 0-0: Foul Ball, location: 2F
0-1: Foul Ball, location: 2F
0-2: Ball
1-2: Foul Ball, location: 2F
1-2: Ball
2-2: SINGLE (Groundball, 6MD)
Batting: RHB Aron Cruickshank 0-0: Ball
1-0: Called Strike
1-1: Ball
2-1: Fly out, F7 (Flyball, 78D)
Batting: RHB Kazunari Mizuno 0-0: Called Strike
0-1: Ball
1-1: Called Strike
1-2: Strikes out swinging
Bottom of the 6th over - 0 runs, 1 hit, 0 errors, 1 left on base; Crowley 2 - Canonniers de Quebec 0
TOP OF THE 7TH
Crowley Cajuns batting - Pitching for Canonniers de Quebec : RHP Jay Holt
Batting: RHB Porter Ware 0-0: Foul Ball, location: 2F
0-1: Ball
1-1: Foul Ball, location: 2F
1-2: Strikes out swinging
Batting: RHB Albert Seals 0-0: Ball
1-0: Ball
2-0: Swinging Strike
2-1: Foul Ball, location: 2F
2-2: Ball
3-2: Fly out, F9 (Flyball, 9LS)
Batting: SHB Eric Thomas 0-0: Called Strike
0-1: Foul Ball, location: 2F
0-2: Ball
1-2: Ground out 6-3 (Groundball, 6)
Top of the 7th over - 0 runs, 0 hits, 0 errors, 0 left on base; Crowley 2 - Canonniers de Quebec 0
BOTTOM OF THE 7TH
Canonniers de Quebec batting - Pitching for Crowley Cajuns : RHP Ted Chong
Batting: RHB Roberto Ortíz 0-0: Called Strike
0-1: Called Strike
0-2: Ball
1-2: Ball
2-2: Foul Ball, location: 2F
2-2: Strikes out swinging
Batting: RHB Gary Goodwin 0-0: Called Strike
0-1: DOUBLE (Groundball, 5L)
Batting: RHB Richard Clemmet 0-0: Called Strike
0-1: Called Strike
0-2: Ball
1-2: Strikes out swinging
Batting: RHB Josh Iriarte 0-0: Ball
1-0: Swinging Strike
1-1: Ball
2-1: Ball
3-1: Base on Balls
Batting: RHB Jesús Castillo 0-0: Called Strike
0-1: Foul Ball, location: 2F
0-2: Ground out 4-3 (Groundball, 34)
Bottom of the 7th over - 0 runs, 1 hit, 0 errors, 2 left on base; Crowley 2 - Canonniers de Quebec 0
TOP OF THE 8TH
Crowley Cajuns batting - Pitching for Canonniers de Quebec : RHP Jay Holt
Pitching: RHP Amadeo Nardello
Batting: RHB Lawrence Stokes 0-0: Foul Ball, location: 2F
0-1: Ball
1-1: Foul Ball, location: 2F
1-2: Foul Ball, location: 2F
1-2: Ball
2-2: Ball
3-2: SINGLE (Groundball, 4MD)
Batting: RHB Timo Zwiefelhofer 0-0: Called Strike
0-1: Ball
1-1: Ball
2-1: SINGLE (Line Drive, 89S)
Lawrence Stokes to second
Batting: RHB Dane Bernstine 0-0: Foul Ball, location: 2F
0-1: Ball
1-1: Ball
2-1: Foul Ball, location: 2F
2-2: Strikes out looking
Pinch Hitting: RHB Pancho Espinoza 0-0: Fly out, F7 (Flyball, 7)
Batting: RHB Juan Mateo 0-0: Called Strike
0-1: Ball
1-1: Ball
2-1: Foul Ball, location: 2F
2-2: Foul Ball, location: 2F
2-2: Strikes out looking
Top of the 8th over - 0 runs, 2 hits, 0 errors, 2 left on base; Crowley 2 - Canonniers de Quebec 0
BOTTOM OF THE 8TH
Canonniers de Quebec batting - Pitching for Crowley Cajuns : RHP Ted Chong
Now at 3B: Pancho Espinoza
Batting: LHB Maik Zoepfel 0-0: Ball
1-0: Hit by Pitch
Pitching: RHP José Antonio López
Batting: RHB Glenn Curtis 0-0: Swinging Strike
0-1: Ball
1-1: Ball
2-1: Called Strike
2-2: Foul Ball, location: 2F
2-2: Ball
3-2: Strikes out swinging
Batting: RHB Aron Cruickshank 0-0: Ball
1-0: Foul Ball, location: 2F
1-1: Fielders Choice at 2nd, 1-6 (Groundball, 13S)
Batting: RHB Kazunari Mizuno 0-0: Called Strike
0-1: Called Strike
0-2: Ball
1-2: Foul Ball, location: 2F
1-2: Foul Ball, location: 2F
1-2: Foul Ball, location: 2F
1-2: Foul Ball, location: 2F
1-2: Ball
2-2: Ball
3-2: Foul Ball, location: 2F
3-2: Ground out 6-3 (Groundball, 56)
Bottom of the 8th over - 0 runs, 0 hits, 0 errors, 1 left on base; Crowley 2 - Canonniers de Quebec 0
TOP OF THE 9TH
Crowley Cajuns batting - Pitching for Canonniers de Quebec : RHP Amadeo Nardello
Batting: RHB Taqi Marwat 0-0: Foul Ball, location: 2F
0-1: Ball
1-1: Fly out, F8 (Flyball, 8LS)
Batting: RHB Porter Ware 0-0: Called Strike
0-1: Ball
1-1: Swinging Strike
1-2: Strikes out swinging
Batting: RHB Albert Seals 0-0: Ball
1-0: Called Strike
1-1: Ground out 5-3 (Groundball, 5)
Top of the 9th over - 0 runs, 0 hits, 0 errors, 0 left on base; Crowley 2 - Canonniers de Quebec 0
BOTTOM OF THE 9TH
Canonniers de Quebec batting - Pitching for Crowley Cajuns : RHP José Antonio López
Batting: RHB Roberto Ortíz 0-0: Called Strike
0-1: Ground out 5-3 (Groundball, 5)
Batting: RHB Gary Goodwin 0-0: Called Strike
0-1: Foul Ball, location: 2F
0-2: Ball
1-2: Strikes out looking
Batting: RHB Richard Clemmet 0-0: Called Strike
0-1: Ball
1-1: Ground out 1-3 (Groundball, P)
Bottom of the 9th over - 0 runs, 0 hits, 0 errors, 0 left on base; Crowley 2 - Canonniers de Quebec 0
Wednesday, September 19th, 2018 - OOTP Baseball 18.8 Build 76